General information
- name: BNet
- type: Ladder team game (AT/RT)
- host: Battle.net
- saver: NUTSONYOCHIN.de
map: Deadlock
- players: 8
- length: 25:02
- speed: Fast
- version: 1.21 W3XP
- replay type:

» download(234 KB)
Players
team 1 (winner)
DoctorWeb (
orange | 45 APM | 1139 actions | 25:02)
4 Pandaren Brewmaster
2 Breath of Fire
2 Drunken Brawler
» actions
| Assign group hotkey | 5 | |
| Build / train | 27 | |
| Enter build submenu | 6 | |
| Enter hero's abilities submenu | 4 | |
| Give item / drop item | 1 | |
| Right click | 859 | |
| Select / deselect | 128 | |
| Select group hotkey | 56 | |
| Use ability | 53 | |
1139 total
» units
» buildings
| Altar of Storms | 1 | |
| Orc Burrow | 4 | |
| Voodoo Lounge | 1 | |
6 total
» build order
00:10 Altar of Storms
00:21 Orc Burrow
01:25 Voodoo Lounge
04:13 Orc Burrow
06:45 Orc Burrow
08:05 Orc Burrow
» items
| Healing Salve | 3 | |
| Lesser Clarity Potion | 8 | |
| Staff of Teleportation | 1 | |
| Boots of Speed | 1 | |
| Orb of Lightning | 1 | |
| Potion of Healing | 1 | |
15 total
Grizin (
purple | 79 APM | 1982 actions | 25:02)
5 Death Knight
3 Death Coil
2 Unholy Aura
4 Lich
2 Frost Nova
2 Dark Ritual
2 Crypt Lord
1 Impale
1 Spiked Carapace
» actions
| Assign group hotkey | 69 | |
| Basic commands | 36 | |
| Build / train | 93 | |
| ESC pressed | 8 | |
| Enter build submenu | 20 | |
| Enter hero's abilities submenu | 11 | |
| Right click | 566 | |
| Select / deselect | 344 | |
| Select group hotkey | 729 | |
| Use ability | 106 | |
1982 total
» units
| Acolyte | 11 | |
| Ghoul | 3 | |
| Crypt Fiend | 11 | |
| Gargoyle | 1 | |
| Frost Wyrm | 20 | |
46 total
» upgrades
| Creature Attack | 3 | |
| Creature Carapace | 3 | |
| Burrow | 1 | |
| Web | 1 | |
| Freezing Breath | 1 | |
9 total
» buildings
| Graveyard | 1 | |
| Crypt | 2 | |
| Altar of Darkness | 1 | |
| Ziggurat | 8 | |
| Tomb of Relics | 2 | |
| Halls of the Dead | 2 | |
| Black Citadel | 2 | |
| Sacrificial Pit | 1 | |
| Boneyard | 3 | |
| Necropolis | 2 | |
24 total
» build order
00:04 Graveyard
00:05 Crypt
00:28 Altar of Darkness
00:45 Ziggurat
01:41 Ziggurat
01:45 Tomb of Relics
02:09 Crypt
02:38 Ziggurat
04:03 Halls of the Dead
04:53 Ziggurat
05:26 Ziggurat
06:25 Black Citadel
06:25 Black Citadel
06:38 Sacrificial Pit
08:54 Boneyard
08:55 Boneyard
08:56 Boneyard
09:24 Ziggurat
09:26 Ziggurat
09:26 Ziggurat
11:12 Necropolis
23:47 Necropolis
23:58 Tomb of Relics
» items
| Rod of Necromancy | 2 | |
| Dust of Appearance | 1 | |
| Lesser Clarity Potion | 1 | |
| Scroll of Town Portal | 2 | |
| Potion of Healing | 1 | |
| Orb of Corruption | 1 | |
8 total
TomyVercheti (
yellow | 29 APM | 725 actions | 25:02)
3 Pit Lord
1 Rain of Fire
2 Cleaving Attack
» actions
| Assign group hotkey | 9 | |
| Basic commands | 1 | |
| Build / train | 32 | |
| Enter build submenu | 15 | |
| Enter hero's abilities submenu | 3 | |
| Remove unit from queue | 3 | |
| Right click | 358 | |
| Select / deselect | 235 | |
| Select group hotkey | 13 | |
| Use ability | 56 | |
725 total
» units
» buildings
| Altar of Elders | 1 | |
| Moon Well | 3 | |
| Ancient of Wonders | 1 | |
| Hunter's Hall | 1 | |
| Ancient Protector | 7 | |
| Tree of Life | 2 | |
15 total
» build order
00:11 Altar of Elders
00:15 Moon Well
05:19 Moon Well
06:15 Moon Well
07:34 Ancient of Wonders
08:57 Hunter's Hall
11:47 Ancient Protector
12:54 Ancient Protector
12:58 Ancient Protector
14:01 Tree of Life
14:21 Tree of Life
14:56 Ancient Protector
16:01 Ancient Protector
16:02 Ancient Protector
16:22 Ancient Protector
» items
| Potion of Healing | 2 | |
| Orb of Lightning | 1 | |
3 total
WalWin (
red | 119 APM | 2976 actions | 25:02)
5 Tauren Chieftain
3 Shockwave
2 Endurance Aura
» actions
| Assign group hotkey | 76 | |
| Basic commands | 2 | |
| Build / train | 86 | |
| Enter build submenu | 21 | |
| Enter hero's abilities submenu | 5 | |
| Remove unit from queue | 2 | |
| Right click | 1325 | |
| Select / deselect | 398 | |
| Select group hotkey | 935 | |
| Use ability | 126 | |
2976 total
» units
| Peon | 6 | |
| Grunt | 7 | |
| Demolisher | 3 | |
| Troll Witch Doctor | 5 | |
| Tauren | 2 | |
| Shaman | 5 | |
| Troll Batrider | 8 | |
36 total
» upgrades
| Pillage | 1 | |
| Ranged Weapons | 3 | |
| Melee Weapons | 3 | |
| Witch Doctor Training | 2 | |
| Burning Oil | 1 | |
| Pulverize | 1 | |
| Shaman Training | 2 | |
| Armor | 1 | |
| Reinforced Defenses | 1 | |
15 total
» buildings
| Altar of Storms | 1 | |
| Orc Burrow | 7 | |
| Barracks | 2 | |
| Voodoo Lounge | 1 | |
| Stronghold | 1 | |
| War Mill | 1 | |
| Fortress | 1 | |
| Spirit Lodge | 2 | |
| Tauren Totem | 2 | |
| Beastiary | 2 | |
| Great Hall | 1 | |
21 total
» build order
00:05 Altar of Storms
00:20 Orc Burrow
00:35 Barracks
01:05 Barracks
01:31 Orc Burrow
01:55 Voodoo Lounge
02:23 Orc Burrow
04:38 Stronghold
04:41 War Mill
05:35 Orc Burrow
05:57 Orc Burrow
06:01 Orc Burrow
06:37 Orc Burrow
07:02 Fortress
07:08 Spirit Lodge
09:29 Tauren Totem
09:49 Tauren Totem
09:52 Spirit Lodge
13:02 Beastiary
13:06 Beastiary
22:02 Great Hall
» items
| Healing Salve | 7 | |
| Lesser Clarity Potion | 6 | |
| Scroll of Speed | 5 | |
| Scroll of Town Portal | 4 | |
| Potion of Healing | 1 | |
| Potion of Mana | 1 | |
| Orb of Lightning | 1 | |
25 total
team 2 (loser)
bLinn (
blue | 115 APM | 2885 actions | 25:02)
8 Warden
3 Shadow Strike
3 Blink
1 Spirit of Vengeance
1 Fan of Knives
» actions
| Assign group hotkey | 127 | |
| Basic commands | 37 | |
| Build / train | 93 | |
| Enter build submenu | 29 | |
| Enter hero's abilities submenu | 8 | |
| Remove unit from queue | 3 | |
| Right click | 1442 | |
| Select / deselect | 410 | |
| Select group hotkey | 641 | |
| Use ability | 95 | |
2885 total
» units
| Wisp | 25 | |
| Hippogryph | 16 | |
| Chimaera | 15 | |
56 total
» upgrades
| Strength of the Wild | 3 | |
| Reinforced Hides | 3 | |
| Well Spring | 1 | |
| Corrosive Breath | 1 | |
8 total
» buildings
| Ancient of War | 1 | |
| Tree of Life | 2 | |
| Altar of Elders | 1 | |
| Moon Well | 11 | |
| Hunter's Hall | 1 | |
| Tree of Ages | 2 | |
| Ancient of Wonders | 1 | |
| Ancient of Wind | 1 | |
| Tree of Eternity | 2 | |
| Chimaera Roost | 4 | |
26 total
» build order
01:02 Ancient of War
01:03 Tree of Life
01:09 Altar of Elders
01:29 Moon Well
04:34 Moon Well
04:35 Hunter's Hall
05:19 Tree of Ages
05:19 Tree of Ages
05:32 Moon Well
05:42 Ancient of Wonders
06:27 Moon Well
07:51 Ancient of Wind
08:45 Tree of Eternity
08:45 Tree of Eternity
11:01 Moon Well
11:01 Moon Well
11:03 Moon Well
11:05 Moon Well
11:12 Chimaera Roost
11:14 Chimaera Roost
11:48 Chimaera Roost
12:16 Moon Well
13:29 Moon Well
13:32 Moon Well
13:35 Chimaera Roost
21:15 Tree of Life
» items
| Moonstone | 1 | |
| Potion of Healing | 1 | |
| Potion of Mana | 1 | |
| Orb of Venom | 1 | |
| Scroll of Town Portal | 2 | |
6 total
CRYTEARSOFBLOOD (
pink | 109 APM | 2719 actions | 25:02)
6 Archmage
3 Summon Water Elemental
2 Brilliance Aura
1 Mass Teleport
» actions
| Assign group hotkey | 24 | |
| Basic commands | 83 | |
| Build / train | 96 | |
| ESC pressed | 11 | |
| Enter build submenu | 59 | |
| Enter hero's abilities submenu | 6 | |
| Remove unit from queue | 4 | |
| Right click | 1194 | |
| Select / deselect | 606 | |
| Select group hotkey | 477 | |
| Use ability | 159 | |
2719 total
» units
| Peasant | 32 | |
| Sorceress | 3 | |
| Mortar Team | 1 | |
36 total
» upgrades
| Masonry | 2 | |
| Lumber Harvesting | 1 | |
3 total
» buildings
| Altar of Kings | 1 | |
| Farm | 10 | |
| Lumber Mill | 2 | |
| Scout Tower | 23 | |
| Guard Tower | 17 | |
| Arcane Vault | 1 | |
| Keep | 8 | |
| Town Hall | 4 | |
| Blacksmith | 1 | |
| Arcane Sanctum | 1 | |
| Workshop | 2 | |
| Arcane Tower | 2 | |
72 total
» build order
00:06 Altar of Kings
00:08 Farm
01:05 Farm
03:53 Lumber Mill
04:00 Scout Tower
04:02 Scout Tower
04:03 Scout Tower
04:39 Scout Tower
04:42 Scout Tower
04:44 Scout Tower
04:50 Farm
05:10 Guard Tower
05:13 Guard Tower
05:16 Arcane Vault
05:20 Guard Tower
05:35 Scout Tower
05:53 Keep
05:53 Keep
06:08 Guard Tower
06:11 Scout Tower
07:09 Scout Tower
07:17 Scout Tower
07:20 Scout Tower
07:22 Scout Tower
07:48 Guard Tower
08:07 Guard Tower
08:09 Guard Tower
08:14 Scout Tower
08:28 Guard Tower
08:40 Scout Tower
08:45 Guard Tower
09:09 Guard Tower
09:36 Town Hall
09:40 Scout Tower
09:43 Scout Tower
09:47 Scout Tower
10:08 Blacksmith
10:12 Arcane Sanctum
10:18 Guard Tower
11:36 Workshop
11:57 Guard Tower
11:57 Guard Tower
12:00 Guard Tower
12:30 Farm
12:31 Farm
14:24 Workshop
15:35 Town Hall
15:38 Scout Tower
15:40 Scout Tower
15:42 Scout Tower
17:42 Town Hall
17:50 Lumber Mill
17:55 Arcane Tower
18:16 Arcane Tower
18:55 Guard Tower
19:06 Farm
19:07 Farm
19:12 Farm
19:48 Farm
19:53 Scout Tower
20:59 Guard Tower
21:01 Farm
21:02 Scout Tower
21:03 Scout Tower
21:52 Keep
21:53 Keep
21:53 Keep
23:31 Town Hall
» items
| Scroll of Town Portal | 2 | |
| Lesser Clarity Potion | 1 | |
| Scroll of Regeneration | 1 | |
| Ivory Tower | 2 | |
| Scroll of Protection | 1 | |
7 total
iggy_the_fisk (
teal | 82 APM | 2045 actions | 25:02)
3 Archmage
2 Summon Water Elemental
1 Brilliance Aura
» actions
| Assign group hotkey | 110 | |
| Basic commands | 6 | |
| Build / train | 54 | |
| Enter build submenu | 23 | |
| Enter hero's abilities submenu | 4 | |
| Remove unit from queue | 3 | |
| Right click | 1286 | |
| Select / deselect | 393 | |
| Select group hotkey | 73 | |
| Use ability | 92 | |
2045 total
» units
» upgrades
» buildings
| Altar of Kings | 1 | |
| Farm | 5 | |
| Lumber Mill | 1 | |
| Scout Tower | 10 | |
| Guard Tower | 10 | |
| Town Hall | 2 | |
| Keep | 1 | |
| Arcane Vault | 2 | |
| Gryphon Aviary | 2 | |
34 total
» build order
00:03 Altar of Kings
00:09 Farm
01:16 Farm
02:40 Farm
02:43 Lumber Mill
04:07 Scout Tower
04:34 Scout Tower
05:00 Scout Tower
05:19 Scout Tower
05:35 Guard Tower
05:36 Scout Tower
05:46 Guard Tower
05:47 Guard Tower
05:48 Scout Tower
05:49 Scout Tower
06:04 Guard Tower
06:07 Scout Tower
06:10 Guard Tower
06:10 Guard Tower
06:11 Guard Tower
06:20 Scout Tower
06:53 Guard Tower
07:47 Town Hall
08:24 Keep
08:50 Arcane Vault
09:18 Town Hall
09:41 Scout Tower
09:46 Farm
09:48 Farm
10:09 Guard Tower
10:46 Gryphon Aviary
10:47 Gryphon Aviary
11:53 Arcane Vault
» items
NUTSONYOCHIN.de (
green | 73 APM | 1823 actions | 25:02)
1 Pandaren Brewmaster
1 Breath of Fire
» actions
| Assign group hotkey | 7 | |
| Basic commands | 40 | |
| Build / train | 33 | |
| ESC pressed | 11 | |
| Enter build submenu | 25 | |
| Enter hero's abilities submenu | 1 | |
| Right click | 1217 | |
| Select / deselect | 182 | |
| Select group hotkey | 225 | |
| Use ability | 82 | |
1823 total
» units
» upgrades
| Ultravision | 1 | |
| Abolish Magic | 1 | |
| Strength of the Wild | 1 | |
3 total
» buildings
| Moon Well | 9 | |
| Tree of Life | 2 | |
| Altar of Elders | 5 | |
| Ancient of War | 1 | |
| Tree of Ages | 1 | |
| Hunter's Hall | 1 | |
| Ancient of Lore | 4 | |
23 total
» build order
00:51 Moon Well
01:02 Tree of Life
01:27 Altar of Elders
02:27 Moon Well
03:30 Ancient of War
04:13 Tree of Ages
04:44 Moon Well
04:46 Moon Well
04:48 Hunter's Hall
06:15 Altar of Elders
06:25 Moon Well
06:27 Moon Well
06:35 Ancient of Lore
06:36 Ancient of Lore
07:49 Ancient of Lore
07:55 Ancient of Lore
08:06 Moon Well
09:00 Moon Well
09:04 Altar of Elders
09:09 Altar of Elders
10:28 Moon Well
19:52 Tree of Life
24:56 Altar of Elders
Chat log
(01:34 / All) NUTSONYOCHIN.de: how u doin ojk
(01:35 / All) NUTSONYOCHIN.de: oj
(04:47 / All) Grizin: хаха
(17:12 / All) CRYTEARSOFBLOOD: NICE TP?
(17:21 / All) TomyVercheti: FUCK UUUUUUUU
(17:23 / All) TomyVercheti: ASSSSSSS
(18:53 / All) CRYTEARSOFBLOOD: ..
(19:58 / All) CRYTEARSOFBLOOD: PURP SHIT THE BED